 Dungeon Crawl Stone Soup version 0.30.1-4-g462c640d31 (webtiles) character file.

Game seed: 7609912451435644632

14 kingsuperguy the Cutter (level 2, 0/19 HPs)
             Began as a Kobold Berserker on Aug 24, 2023.
             Was a Follower of Trog.
             Frozen to death by an endoplasm (4 damage)
             ... on level 1 of the Dungeon.
             The game lasted 00:00:34 (287 turns).

kingsuperguy the Cutter (Kobold Berserker)           Turns: 287, Time: 00:00:35

Health: 0/19       AC:  3    Str: 14    XL:     2   Next: 55%
Magic:  2/2        EV: 14    Int:  8    God:    Trog [*.....]
Gold:   12         SH:  0    Dex: 14    Spells: 1/1 levels left

rFire   . . .        a - +0 short sword
rCold   . . .        (no shield)
rNeg    . . .        b - +0 animal skin
rPois   .            (no helmet)
rElec   .            (no cloak)
rCorr   .            (no gloves)
SInv    .            f - +0 pair of boots
Will    .....        (no amulet)
Stlth   ++           (no ring)
HPRegen 0.23/turn    (no ring)
MPRegen 0.08/turn

%: no passive effects
@: no status effects
A: small, no large weapons, nightstalker 3
a: Renounce Religion, Berserk


You were on level 1 of the Dungeon.
You worshipped Trog.
Trog was aware of your devotion.
You visited 1 branch of the dungeon, and saw 1 of its levels.

You collected 12 gold pieces.

Inventory:

Hand Weapons
 a - a +0 short sword (weapon)
Armour
 b - a +0 animal skin (worn)
 f - a +0 pair of boots (worn)
Scrolls
 d - a scroll of magic mapping {unknown}
 e - 2 scrolls of identify {unknown}
Potions
 c - 3 potions of brilliance {unknown}
 g - a potion of heal wounds {unknown}


   Skills:
 + Level 3.5 Fighting
 + Level 4.4 Short Blades
 + Level 1.7 Armour
 + Level 2.4 Dodging
 + Level 0.5 Stealth


You had one spell level left.
You didn't know any spells.
Your spell library was empty.

Dungeon Overview and Level Annotations

Branches:
Dungeon (1/15)

Altars:


Innate Abilities, Weirdness & Mutations

You are small and have problems with some larger weapons.
You are completely attuned to the shadows.


Message History

No target in view!
No target in view!
No target in view!
You see here a +0 ring mail.
A rat comes into view.
A rat is nearby!
A rat is nearby!
A hobgoblin comes into view.
The helpless rat fails to defend itself.
You puncture the rat!
You kill the rat!
Trog accepts your kill.
Found a fuming yellow potion.
An endoplasm comes into view.
Found a quarterstaff.
The hobgoblin shouts!
The endoplasm quivers.
The hobgoblin hits you but does no damage.
There are monsters nearby!
You hit the hobgoblin but do no damage. The hobgoblin closely misses you.
You closely miss the hobgoblin. The hobgoblin barely misses you.
You barely miss the hobgoblin. The hobgoblin hits you.
The endoplasm freezes you.
You are frozen.
You hit the hobgoblin but do no damage. You completely miss the hobgoblin.
The hobgoblin barely misses you.
The endoplasm hits you but does no damage.
You hit the hobgoblin. You punch the hobgoblin.
The hobgoblin is heavily wounded.
The hobgoblin barely misses you. The endoplasm freezes you.
You are frozen.
You are too injured to fight recklessly!
You hit the endoplasm.
The endoplasm is severely wounded.
The hobgoblin hits you.
* * * LOW HITPOINT WARNING * * *
The endoplasm freezes you.
You are frozen.
You die...

#............. #.
###........[.... #.#
#...............
##..##...............
.....................
###...#.............
.#...#...##########..
.....#.#....# #.#
.##.@#...##.##...##.[
#.gJ###+##.##...####
#...# ......#.......
....!. ....#.#....#..
...).# ....#.'....#.#
....###.......
....####'###..
#.......## #.......##


You could see an endoplasm and a hobgoblin.

Vanquished Creatures
  2 ball pythons (D:1)
  2 endoplasms (D:1)
  2 giant cockroaches (D:1)
  2 goblins (D:1)
  A quokka (D:1)
  2 rats (D:1)
11 creatures vanquished.

Notes
Turn   | Place    | Note
-------+----------+-------------------------------------------
     0 | D:1      | kingsuperguy the Kobold Berserker began the quest for the
                  | Orb.
     0 | D:1      | Reached XP level 1. HP: 14/14 MP: 1/1
   170 | D:1      | Reached XP level 2. HP: 12/19 MP: 2/2
   287 | D:1      | Frozen to death by an endoplasm

Illustrated notes

Levels and vault maps discovered:
D:1:      dpeg_arrival_ternary, layout_basic, dilly_ecumenical_altar_fadedgnrine

Action                     || total
---------------------------++-------
  Melee: Short sword       ||    37
         Punch             ||     1
   Stab: Sleeping          ||     6
 Armour: Animal skin       ||     4
  Dodge: Dodged            ||    24
